PAA
SAN ANTONIO BC @ NORTHVILLE ECLIPSE
09/17/2027
 
TOP OF THE 1ST
San Antonio BC batting - Pitching for Northville Eclipse : RHP Bob Payne
Pitching: RHP Bob Payne
Batting: LHB Earl Wiley 0-0: Called Strike
0-1: Ball
1-1: Called Strike
1-2: Foul Ball, location: 2F
1-2: Ball
2-2: Foul Ball, location: 2F
2-2: Ground out 4-3 (Groundball, 4)
Batting: LHB Stefan Vanderhoof 0-0: Called Strike
0-1: Ball
1-1: Called Strike
1-2: SOLO HOME RUN (Flyball, 89XD), Distance : 426 ft
Batting: RHB Abraham Phelps 0-0: Ball
1-0: DOUBLE (Flyball, 89D)
Batting: RHB Phil Dougherty 0-0: Ball
1-0: Foul Ball, location: 2F
1-1: Ground out 5-3 (Groundball, 56)
Batting: SHB Esteban Borsellino 0-0: Foul Ball, location: 2F
0-1: Ball
1-1: Called Strike
1-2: Fly out, F3 (Line Drive, 3)
Top of the 1st over - 1 run(s), 2 hit(s), 0 error(s), 1 left on base; San Antonio 1 - Northville 0
BOTTOM OF THE 1ST
Northville Eclipse batting - Pitching for San Antonio BC : RHP Jim Unknown
Pitching: RHP Jim Unknown
Batting: RHB Alfonso Grappasonni 0-0: Foul Ball, location: 2F
0-1: Foul Ball, location: 2F
0-2: Strikes out swinging
Batting: LHB José Castillo 0-0: Ball
1-0: Ball
2-0: Called Strike
2-1: Ground out 6-3 (Groundball, 6MS)
Batting: SHB Melito Báez 0-0: Called Strike
0-1: Ball
1-1: Ball
2-1: Fly out, F9 (Line Drive, 9D)
Bottom of the 1st over - 0 run(s), 0 hit(s), 0 error(s), 0 left on base; San Antonio 1 - Northville 0
TOP OF THE 2ND
San Antonio BC batting - Pitching for Northville Eclipse : RHP Bob Payne
Batting: RHB Ismael Sandoval 0-0: Ball
1-0: Foul Ball, location: 2F
1-1: Ball
2-1: Called Strike
2-2: Strikes out swinging
Batting: RHB António Pérez 0-0: Called Strike
0-1: Called Strike
0-2: Strikes out looking
Batting: RHB Freddy Torres 0-0: Ball
1-0: Swinging Strike
1-1: Ground out 5-3 (Groundball, 56)
Top of the 2nd over - 0 run(s), 0 hit(s), 0 error(s), 0 left on base; San Antonio 1 - Northville 0
BOTTOM OF THE 2ND
Northville Eclipse batting - Pitching for San Antonio BC : RHP Jim Unknown
Batting: RHB Augusto Rocha 0-0: Called Strike
0-1: Ground out 6-3 (Groundball, 56)
Batting: LHB Koen van den Bogaert 0-0: Ball
1-0: Called Strike
1-1: Fly out, F9 (Flyball, 9)
Batting: RHB Luis Guerrero 0-0: Swinging Strike
0-1: Foul Ball, location: 2F
0-2: Foul Ball, location: 2F
0-2: Strikes out swinging
Bottom of the 2nd over - 0 run(s), 0 hit(s), 0 error(s), 0 left on base; San Antonio 1 - Northville 0
TOP OF THE 3RD
San Antonio BC batting - Pitching for Northville Eclipse : RHP Bob Payne
Batting: RHB Manny Álvarez 0-0: Called Strike
0-1: Ball
1-1: Ball
2-1: Ball
3-1: Called Strike
3-2: Base on Balls
Batting: LHB Earl Wiley 0-0: Ball
1-0: Ball
Manny Álvarez steals 2nd base
2-0: Fly out, F7 (Flyball, 78D)
Batting: LHB Stefan Vanderhoof 0-0: Foul Ball, location: 2F
0-1: Ball
1-1: Fly out, F8 (Flyball, 8LD)
Batting: RHB Abraham Phelps 0-0: Swinging Strike
0-1: Foul Ball, location: 2F
0-2: Ball
1-2: Strikes out swinging
Top of the 3rd over - 0 run(s), 0 hit(s), 0 error(s), 1 left on base; San Antonio 1 - Northville 0
BOTTOM OF THE 3RD
Northville Eclipse batting - Pitching for San Antonio BC : RHP Jim Unknown
Batting: RHB John Townsend 0-0: Ball
1-0: Ball
2-0: Ball
3-0: Called Strike
3-1: Swinging Strike
3-2: Foul Ball, location: 2F
3-2: Foul Ball, location: 2F
3-2: SINGLE (Flyball, 8RS)
Batting: RHB Cosmo Bjorkenheim 0-0: Called Strike
0-1: Ball
1-1: Ball
2-1: Ball
3-1: Called Strike
3-2: Foul Ball, location: 2F
3-2: Fielders Choice at 2nd, 1-4 (Groundball, 15)
Batting: RHB Dave Shaw 0-0: Foul Ball, location: 2F
0-1: Ball
1-1: Swinging Strike
1-2: Grounds into double play, 6-4-3 (Groundball, 6)
Bottom of the 3rd over - 0 run(s), 1 hit(s), 0 error(s), 0 left on base; San Antonio 1 - Northville 0
TOP OF THE 4TH
San Antonio BC batting - Pitching for Northville Eclipse : RHP Bob Payne
Batting: RHB Phil Dougherty 0-0: Ball
1-0: Ground out 4-3 (Groundball, 4)
Batting: SHB Esteban Borsellino 0-0: Fly out, F9 (Line Drive, 9)
Batting: RHB Ismael Sandoval 0-0: Called Strike
0-1: Bunt for hit - play at first, batter OUT! 5-3
Top of the 4th over - 0 run(s), 0 hit(s), 0 error(s), 0 left on base; San Antonio 1 - Northville 0
BOTTOM OF THE 4TH
Northville Eclipse batting - Pitching for San Antonio BC : RHP Jim Unknown
Batting: RHB Alfonso Grappasonni 0-0: Ball
1-0: SINGLE (Groundball, 56S) (infield hit)
Batting: LHB José Castillo 0-0: Fielders Choice at 2nd, 1-4 (Groundball, 15S)
Batting: SHB Melito Báez 0-0: SINGLE (Groundball, 34) (infield hit)
José Castillo to second
Batting: RHB Augusto Rocha 0-0: Ball
1-0: Called Strike
1-1: Ball
2-1: Fly out, F8 (Flyball, 8RD)
Runner from 2nd tags up, SAFE at 3rd, no throw
Batting: LHB Koen van den Bogaert 0-0: Ball
1-0: Ball
2-0: Called Strike
2-1: Swinging Strike
2-2: Ball
3-2: Base on Balls
Melito Báez to second
Batting: RHB Luis Guerrero 0-0: Called Strike
0-1: DOUBLE (Flyball, 78D)
José Castillo scores
Melito Báez scores
Koen van den Bogaert to third
Runner from 3rd tries for Home, SAFE, no throw
Batting: RHB John Townsend 0-0: Ball
1-0: Ball
2-0: 2-RUN HOME RUN (Flyball, 7LD), Distance : 362 ft
Batting: RHB Cosmo Bjorkenheim 0-0: Ball
1-0: Called Strike
1-1: Fly out, F8 (Flyball, 8LS)
Bottom of the 4th over - 5 run(s), 4 hit(s), 0 error(s), 0 left on base; San Antonio 1 - Northville 5
TOP OF THE 5TH
San Antonio BC batting - Pitching for Northville Eclipse : RHP Bob Payne
Batting: RHB António Pérez 0-0: Fly out, F5 (Popup, 5L)
Batting: RHB Freddy Torres 0-0: Ball
1-0: Fly out, F9 (Flyball, 9S)
Batting: RHB Manny Álvarez 0-0: Called Strike
0-1: Foul Ball, location: 2F
0-2: SINGLE (Groundball, 6) (infield hit)
Batting: LHB Earl Wiley 0-0: Called Strike
0-1: Ball
1-1: Ball
2-1: Ball
3-1: Foul Ball, location: 2F
3-2: DOUBLE (Groundball, 3L)
Manny Álvarez to third
Manny Álvarez scores
Batting: LHB Stefan Vanderhoof 0-0: Ball
1-0: Ball
2-0: Called Strike
2-1: Foul Ball, location: 2F
2-2: Ground out 4-3 (Groundball, 34D)
Top of the 5th over - 1 run(s), 2 hit(s), 0 error(s), 1 left on base; San Antonio 2 - Northville 5
BOTTOM OF THE 5TH
Northville Eclipse batting - Pitching for San Antonio BC : RHP Jim Unknown
Batting: RHB Dave Shaw 0-0: Ball
1-0: Ball
2-0: Ball
3-0: Called Strike
3-1: Foul Ball, location: 2F
3-2: Base on Balls
Batting: RHB Alfonso Grappasonni 0-0: Sac Bunt - play at first, batter OUT! U3
Dave Shaw to second
Batting: LHB José Castillo 0-0: Ball
1-0: Ground out 6-3 (Groundball, 56)
Batting: SHB Melito Báez 0-0: Ball
1-0: Fly out, F7 (Flyball, 78D)
Bottom of the 5th over - 0 run(s), 0 hit(s), 0 error(s), 1 left on base; San Antonio 2 - Northville 5
TOP OF THE 6TH
San Antonio BC batting - Pitching for Northville Eclipse : RHP Bob Payne
Batting: RHB Abraham Phelps 0-0: Foul Ball, location: 2F
0-1: Foul Ball, location: 2F
0-2: Strikes out looking
Batting: RHB Phil Dougherty 0-0: Ball
1-0: Swinging Strike
1-1: Fly out, F5 (Popup, 5L)
Batting: SHB Esteban Borsellino 0-0: Called Strike
0-1: Ball
1-1: Ball
2-1: Fly out, F9 (Flyball, 9LM)
Top of the 6th over - 0 run(s), 0 hit(s), 0 error(s), 0 left on base; San Antonio 2 - Northville 5
BOTTOM OF THE 6TH
Northville Eclipse batting - Pitching for San Antonio BC : RHP Jim Unknown
Batting: RHB Augusto Rocha 0-0: Ball
1-0: Swinging Strike
1-1: Swinging Strike
1-2: Ball
2-2: Foul Ball, location: 2F
2-2: Foul Ball, location: 2F
2-2: Strikes out looking
Batting: LHB Koen van den Bogaert 0-0: Ground out 3-1 (Groundball, 34)
Batting: RHB Luis Guerrero 0-0: Called Strike
0-1: Ball
1-1: Ball
2-1: Ground out 6-3 (Groundball, 6)
Bottom of the 6th over - 0 run(s), 0 hit(s), 0 error(s), 0 left on base; San Antonio 2 - Northville 5
TOP OF THE 7TH
San Antonio BC batting - Pitching for Northville Eclipse : RHP Bob Payne
Batting: RHB Ismael Sandoval 0-0: Called Strike
0-1: Bunt for hit - play at first, batter safe!
Batting: RHB António Pérez 0-0: Sac Bunt - play at first, batter OUT! U3
Ismael Sandoval to second
Batting: RHB Freddy Torres 0-0: Foul Ball, location: 2F
0-1: Swinging Strike
0-2: Ball
1-2: Ball
2-2: Ball
3-2: Strikes out looking
Batting: RHB Manny Álvarez 0-0: Ball
1-0: Foul Ball, location: 2F
1-1: Foul Ball, location: 2F
1-2: Strikes out swinging
Top of the 7th over - 0 run(s), 1 hit(s), 0 error(s), 1 left on base; San Antonio 2 - Northville 5
BOTTOM OF THE 7TH
Northville Eclipse batting - Pitching for San Antonio BC : RHP Jim Unknown
Batting: RHB John Townsend 0-0: Called Strike
0-1: Foul Ball, location: 2F
0-2: Ball
1-2: Strikes out swinging
Batting: RHB Cosmo Bjorkenheim 0-0: Ball
1-0: Ground out 6-3 (Groundball, 6S)
Batting: RHB Dave Shaw 0-0: Ground out 6-3 (Groundball, 6S)
Bottom of the 7th over - 0 run(s), 0 hit(s), 0 error(s), 0 left on base; San Antonio 2 - Northville 5
TOP OF THE 8TH
San Antonio BC batting - Pitching for Northville Eclipse : RHP Bob Payne
Batting: LHB Earl Wiley 0-0: Ball
1-0: Ball
2-0: Called Strike
2-1: Ball
3-1: Base on Balls
Batting: LHB Stefan Vanderhoof 0-0: Ball
1-0: Swinging Strike
1-1: Ball
2-1: 2-RUN HOME RUN (Line Drive, 7D), Distance : 399 ft
Batting: RHB Abraham Phelps 0-0: SINGLE (Flyball, 89S)
Pinch Runner at 1st Jim Unknown:
Batting: RHB Phil Dougherty 0-0: Ball
1-0: Called Strike
1-1: Ball
2-1: Swinging Strike
2-2: Foul Ball, location: 2F
2-2: Ball
3-2: 2-RUN HOME RUN (Line Drive, 8LXD), Distance : 442 ft
Pitching: RHP Ricardo Ramírez
Batting: SHB Esteban Borsellino 0-0: Ball
1-0: Ball
2-0: Ball
3-0: Called Strike
3-1: Ground out U3 (Groundball, 3L)
Batting: RHB Ismael Sandoval 0-0: Fly out, F7 (Line Drive, 7)
Batting: RHB António Pérez 0-0: Ball
1-0: Ground out 6-3 (Groundball, 56)
Top of the 8th over - 4 run(s), 3 hit(s), 0 error(s), 0 left on base; San Antonio 6 - Northville 5
BOTTOM OF THE 8TH
Northville Eclipse batting - Pitching for San Antonio BC : RHP Jim Unknown
Now at 1B: Miguel García
Batting: RHB Alfonso Grappasonni 0-0: Foul Ball, location: 2F
0-1: Fly out, F3 (Popup, 3L)
Batting: LHB José Castillo 0-0: Foul Ball, location: 2F
0-1: Swinging Strike
0-2: Ball
1-2: Strikes out swinging
Batting: SHB Melito Báez 0-0: Ground out 1-3 (Groundball, 15S)
Bottom of the 8th over - 0 run(s), 0 hit(s), 0 error(s), 0 left on base; San Antonio 6 - Northville 5
TOP OF THE 9TH
San Antonio BC batting - Pitching for Northville Eclipse : RHP Ricardo Ramírez
Pitching: RHP Kyle MacRae
Batting: RHB Freddy Torres 0-0: Fly out, F7 (Line Drive, 78M)
Batting: RHB Manny Álvarez 0-0: Called Strike
0-1: Ball
1-1: Fly out, F7 (Flyball, 7)
Batting: LHB Earl Wiley 0-0: Called Strike
0-1: Ball
1-1: Foul Ball, location: 2F
1-2: Ball
2-2: Foul Ball, location: 2F
2-2: Ball
3-2: Foul Ball, location: 2F
3-2: Strikes out swinging
Top of the 9th over - 0 run(s), 0 hit(s), 0 error(s), 0 left on base; San Antonio 6 - Northville 5
BOTTOM OF THE 9TH
Northville Eclipse batting - Pitching for San Antonio BC : RHP Jim Unknown
Pitching: RHP Pepe Delgado
Batting: RHB Augusto Rocha 0-0: Called Strike
0-1: Foul Ball, location: 2F
0-2: Foul Ball, location: 2F
0-2: Ground out 6-3 (Groundball, 6S)
Batting: LHB Koen van den Bogaert 0-0: Ball
1-0: Fly out, F9 (Line Drive, 9)
Batting: RHB Luis Guerrero 0-0: Ball
1-0: Ball
2-0: Called Strike
2-1: Ball
3-1: Base on Balls
Batting: RHB John Townsend 0-0: Ball
1-0: Swinging Strike
1-1: Foul Ball, location: 2F
1-2: Ball
2-2: Ball
3-2: Ground out 4-3 (Groundball, 4)
Bottom of the 9th over - 0 run(s), 0 hit(s), 0 error(s), 1 left on base; San Antonio 6 - Northville 5
Saturday, May 26th, 2018 - OOTP Baseball 17.12 Build 75